 Dungeon Crawl Stone Soup version 0.30-a0-1074-g5db6f66fbb (webtiles) character file.

Game seed: 12692150965979188746

6141 jimonade the Thaumaturge (level 11, -2/76 HPs)
             Began as a Djinni Warper on Apr 13, 2023.
             Was a Believer of Cheibriados.
             Slain by an orc warrior
             ... wielding a +2 halberd of electrocution
              (12 damage)
             ... in a bailey.
             The game lasted 00:29:08 (9315 turns).

jimonade the Thaumaturge (Djinni Warper)            Turns: 9315, Time: 00:29:09

Health: -2/76      AC:  9    Str: 16    XL:     11   Next: 13%
Gold:   476        EV: 14    Int: 20    God:    Cheibriados [**....] SH:  0 Dex: 24

rFire   + + .      SeeInvis .    a - +3 great sword (freeze)
rCold   . . .      Faith    .    (shield currently unavailable)
rNeg    . . .      Spirit   .    t - +0 troll leather armour
rPois   ∞          Reflect  .    A - +0 helmet
rElec   .          Rampage  .    k - +0 cloak
rCorr   .                        o - +1 pair of gloves
Will    +....                    (boots unavailable)
Stlth   ++                       O - amulet of regeneration
HPRegen 1.92/turn                (no ring)
MPRegen 0.00/turn                T - ring of protection from cold

@: flying, very slow
A: sickness immunity, fire resistance 2, cold vulnerability 1, float, innate
caster, HP casting, extra vitality 1
a: Renounce Religion, Bend Time


You were in a bailey.
You worshipped Cheibriados.
Cheibriados was pleased with you.
You visited 2 branches of the dungeon, and saw 10 of its levels.
You also visited: Sewer, Ossuary and Bailey.

You collected 476 gold pieces.

Inventory:

Hand Weapons
 a - a +3 great sword of freezing (weapon)
 b - a +1 falchion of protection
 g - a +2 great sword
 W - a +5 falchion
 X - a +1 spear of venom
 Y - a +2 hand axe of flaming
Missiles
 d - 9 boomerangs of dispersal
 n - 8 boomerangs
 C - 33 poisoned darts
 I - a throwing net
 N - 5 javelins
Armour
 e - a +0 buckler
 k - a +0 cloak (worn)
 o - a +1 pair of gloves (worn)
 t - a +0 troll leather armour (worn)
 A - a +0 helmet (worn)
 M - a +0 ring mail
 R - +2 swamp dragon scales
Magical Staves
 K - a staff of death
Jewellery
 r - a ring of ice
 O - an amulet of regeneration (around neck)
 T - a ring of protection from cold (right hand)
Wands
 S - a wand of charming (6)
Scrolls
 c - 3 scrolls of blinking
 h - 5 scrolls of poison
 q - 3 scrolls of enchant armour
 u - 5 scrolls of teleportation
 w - 2 scrolls of fear
 B - a scroll of enchant weapon
 G - 6 scrolls of identify
 V - a scroll of magic mapping
Potions
 j - 9 potions of flight
 m - 6 potions of curing
 p - 2 potions of mutation
 s - 5 potions of cancellation {unknown}
 v - 3 potions of resistance {unknown}
 z - a potion of brilliance {unknown}
 D - 2 potions of haste {unknown}
 E - 5 potions of heal wounds {unknown}
 H - 2 potions of might {unknown}
 L - a potion of degeneration {unknown}
 P - a potion of invisibility {unknown}
 U - a potion of ambrosia {unknown}


   Skills:
 + Level 5.4 Fighting
 - Level 2.0(3.6) Short Blades
 + Level 4.5(4.8) Long Blades
 - Level 1.6 Polearms
 - Level 0.7 Throwing
 + Level 6.3 Armour
 + Level 4.0 Dodging
 - Level 0.4 Stealth
 - Level 2.9 Shields
 * Level 9.3 Spellcasting
 - Level 1.1 Evocations


You knew the following spells:

 Your Spells              Type           Power      Damage    Failure   Level
a - Blink                 Tloc           92%        N/A       1%          2
b - Lesser Beckoning      Tloc           92%        N/A       1%          2
c - Vhi's Electric Charg  Tloc/Air       92%        N/A       1%          3
d - Teleport Other        Tloc           46%        N/A       1%          3
e - Manifold Assault      Tloc           46%        N/A       1%          4
f - Magic Dart            Conj           100%       1d8       1%          1
g - Passwall              Tmut/Erth      38%        N/A       1%          2
h - Swiftness             Air            46%        N/A       1%          3
i - Iskenderun's Mystic   Conj/Tloc      46%        2d10      1%          4
j - Fireball              Conj/Fire      23%        3d11      5%          5
Your spell library was empty.

Dungeon Overview and Level Annotations

Branches:
Dungeon (9/15)             Temple (1/1) D:6            Lair (0/5) D:9
  Sewer (visited)         Ossuary (visited)          Bailey (1/1)
    Orc: D:9-12

Altars:
Ashenzari
Cheibriados
Dithmenos
Elyvilon
Fedhas
Gozag
Hepliaklqana
Nemelex Xobeh
Qazlal
Trog
Uskayaw
Wu Jian
Xom
Yredelemnul
Zin
The Shining One

Shops:
D:4 [

Annotations:
D:6 1 runed translucent door, Crazy Yiuf
D:8 Amaemon


Innate Abilities, Weirdness & Mutations

You are immune to sickness and miasma.
You are immune to poison.
Your flesh is very heat resistant. (rF++)
You are vulnerable to cold. (rC-)
You float through the air rather than walking.
You learn spells naturally, not from books.
Your magical power is your life essence.
You have superior vitality. (+4 MHP)


Message History

Okay, then.
Unknown command.
Casting: Lesser Beckoning (safe; 1% risk of failure)
Confirm with . or Enter, or press ? or * to list all spells.
Okay, then.
Unknown command.
Space momentarily warps into an impossible shape!
You slash the orc warrior! You freeze the orc warrior.
The orc warrior shouts!
You slash the gnoll! You freeze the gnoll.
You kill the gnoll!
Cheibriados appreciates the change of pace.
Space momentarily warps into an impossible shape!
You hit the orc warrior but do no damage.
The orc warrior hits you from afar with a +2 halberd of electrocution!
You are electrocuted!!
There is an open door here.
Casting: Manifold Assault (dangerous; 1% risk of failure)
Confirm with . or Enter, or press ? or * to list all spells.
Aiming: Lesser Beckoning (safe; 1% risk of failure)
Press: ? - help, Shift-Dir - straight line, f - orc warrior
Aim: an orc warrior, wielding a +2 halberd of electrocution and wearing a +0 plate armour (moderately wounded, 100% to hit)
The orc warrior hurls suddenly forward!
The orc warrior hits you with a +2 halberd of electrocution!
You are electrocuted!
You hit the orc warrior but do no damage.
The orc warrior is moderately wounded.
The orc warrior closely misses you.
The orc warrior hits you with a +2 halberd of electrocution.
You are electrocuted!
* * * LOW HITPOINT WARNING * * *
You closely miss the orc warrior.
The orc warrior is moderately wounded.
The orc warrior hits you with a +2 halberd of electrocution!
* * * LOW HITPOINT WARNING * * *
You hit the orc warrior. You freeze the orc warrior.
The orc warrior is heavily wounded.
The orc warrior barely misses you.
The orc warrior hits you with a +2 halberd of electrocution!
You die...

## ### #####
#.# #.###)@o#
#'##'##'###'#
#.....## #?.
###.....###
.!.!
#.'..⌠..'.#
.⌠.!+
###.....###
!)!.#
##.....##
!.!#
##'##'##'###+
+##+
#)###)###)#g#


You could see an orc warrior.

Vanquished Creatures
  Maggie (D:6)
  2 trolls (D:9)
  Grinder (D:5)
  3 wyverns (D:9)
  4 yaks (D:8)
  A wraith (Ossuary)
  A steam dragon (D:8)
  7 water moccasins
  3 orc warriors
  2 sky beasts
  2 black bears
  A wolf (D:9)
  An ogre (D:6)
  A centaur (D:7)
  Blork the orc (D:4)
  2 kobold brigands
  2 bullfrogs
  A scorpion (D:5)
  19 wights (D:8)
  A howler monkey (D:8)
  5 orc priests
  A gnoll bouda (D:5)
  2 hounds
  An iguana (D:6)
  2 sleepcaps
  4 orc wizards
  A sickly merfolk siren (Sewer)
  A malarious merfolk avatar (Sewer)
  A mummy (Ossuary)
  10 adders
  13 gnolls
  A river rat (D:4)
  4 white imps
  5 worms
  2 dart slugs
  28 orcs
  8 endoplasms
  10 giant cockroaches
  8 goblins
  6 hobgoblins
  3 jackals (D:3)
  7 quokkas
  12 ball pythons
  3 bats (D:1)
  5 frilled lizards
  4 gnoll skeletons (Ossuary)
  21 kobolds
  4 kobold skeletons (Ossuary)
  17 orc skeletons (Ossuary)
  31 rats
276 creatures vanquished.

Vanquished Creatures (others)
  A fungus (D:9)
  12 plants (D:9)
13 creatures vanquished.

Grand Total: 289 creatures vanquished

Notes
Turn   | Place    | Note
-------+----------+-------------------------------------------
     0 | D:1      | jimonade the Djinni Warper began the quest for the Orb.
     0 | D:1      | jimonade set off with the following spells memorised:
                  | Blink, Lesser Beckoning, Vhi's Electric Charge, Teleport
                  | Other, Manifold Assault.
     0 | D:1      | Reached XP level 1. HP: 18/18 MP: 0/0
   205 | D:1      | Reached XP level 2. HP: 19/23 MP: 0/0
   864 | D:1      | Reached XP level 3. HP: 28/28 MP: 0/0
   864 | D:1      | Learned a level 1 spell: Magic Dart
  1066 | D:2      | Found a white marble altar of Elyvilon.
  1342 | D:2      | Reached skill level 3 in Spellcasting
  1599 | D:2      | Reached XP level 4. HP: 24/34 MP: 0/0
  1790 | D:2      | You are sucked into a shaft and drop 2 floors!
  1825 | D:4      | Identified the +0 pair of boots of Dyspraxia {Fly rF- rCorr
                  | Str-5}
  1845 | D:4      | Reached skill level 1 in Long Blades
  1911 | D:4      | Reached XP level 5. HP: 36/39 MP: 0/0
  1911 | D:4      | Learned a level 2 spell: Passwall
  2037 | D:4      | Found a glowing drain.
  2045 | Sewer    | Entered a sewer
  2162 | Sewer    | Reached XP level 6. HP: 39/45 MP: 0/0
  2617 | D:4      | Found Duaptautz's Antique Armour Shop.
  3007 | D:4      | Noticed Blork the orc
  3018 | D:4      | Killed Blork the orc
  3019 | D:4      | Reached skill level 1 in Shields
  3019 | D:4      | Reached XP level 7. HP: 37/50 MP: 0/0
  3019 | D:4      | Learned a level 3 spell: Swiftness
  3255 | D:3      | Found a shimmering altar of Xom.
  3367 | D:3      | Found a blossoming altar of Fedhas.
  3889 | D:5      | Entered Level 5 of the Dungeon
  4004 | D:5      | Noticed a water moccasin
  4029 | D:5      | Killed a water moccasin
  4222 | D:5      | Noticed Grinder
  4525 | D:5      | Reached XP level 8. HP: 49/56 MP: 0/0
  5049 | D:5      | Reached skill level 4 in Spellcasting
  5258 | D:5      | Killed Grinder
  5259 | D:5      | Reached skill level 1 in Polearms
  5880 | D:6      | Found a sand-covered staircase.
  5889 | Ossuary  | Entered an ossuary
  5889 | Ossuary  | Noticed a wraith
  5889 | Ossuary  | Noticed a wraith
  5889 | Ossuary  | Noticed a wraith
  6128 | Ossuary  | Noticed a wraith
  6239 | Ossuary  | Killed a wraith
  6302 | D:6      | Found a staircase to the Ecumenical Temple.
  6311 | Temple   | Entered the Ecumenical Temple
  6689 | D:6      | Reached XP level 9. HP: 55/63 MP: 0/0
  6689 | D:6      | Learned a level 4 spell: Iskenderun's Mystic Blast
  6801 | D:6      | Reached skill level 5 in Armour
  6860 | D:6      | Noticed Maggie
  6899 | D:6      | Killed Maggie
  6900 | D:6      | Reached skill level 1 in Evocations
  7082 | D:6      | Reached skill level 5 in Fighting
  7363 | D:6      | Found a runed translucent door.
  7364 | D:6      | Noticed Crazy Yiuf
  7573 | D:7      | Found a snail-covered altar of Cheibriados.
  7594 | D:7      | Reached skill level 5 in Spellcasting
  7598 | D:7      | Became a worshipper of Cheibriados the Contemplative
  7747 | D:7      | Found a shadowy altar of Dithmenos.
  8205 | D:8      | Reached XP level 10. HP: 47/70 MP: 0/0
  8218 | D:8      | Reached * piety under Cheibriados
  8271 | D:8      | Reached skill level 6 in Spellcasting
  8514 | D:8      | Noticed Amaemon
  8514 | D:8      | Noticed an orange demon
  8600 | D:8      | Reached skill level 7 in Spellcasting
  8739 | D:8      | Reached skill level 8 in Spellcasting
  8739 | D:8      | Reached ** piety under Cheibriados
  8915 | D:9      | Reached XP level 11. HP: 43/76 MP: 0/0
  8915 | D:9      | Learned a level 5 spell: Fireball
  8922 | D:9      | Reached skill level 9 in Spellcasting
  9018 | D:9      | Found a flagged portal.
  9034 | Bailey   | Entered a bailey
  9315 | Bailey   | Slain by an orc warrior

Illustrated notes

Levels and vault maps discovered:
D:1:      wander_arrival_fairy_ring, layout_loops_ring,
          chequers_serial_rivers_marsh, dk_noncrumbling_4
D:2:      layout_loops_ring, basic_altar, minmay_vboxes
D:3:      layout_rooms, xom_teletrap_fun, mainiacjoe_overflow_24_doors
D:4:      layout_loops_ring, serial_shops, shop, lightli_sewer_entry_pipes,
          uniq_blork_the_orc
D:5:      layout_cave_pools, serial_co_window_serial, co_window_paths_b,
          co_window_paths_a, co_window_of_opportunity_a, co_window_paths_b,
          co_window_cross_1, co_window_cross_2, co_window_paths_c,
          co_window_corner_b, co_window_sun, co_window_paths_e, glass_columns_b,
          glass_columns_a, glass_columns_a, glass_columns_a, uniq_grinder
D:6:      layout_basic, minmay_temple_entry_statues_pillars,
          nicolae_ossuary_entry_plus, uniq_crazy_yiuf_cottage, uniq_maggie
D:7:      layout_rooms, nicolae_vehumet_radiance, mainiacjoe_overflow_paths,
          nicolae_dithmenos_the_darkroom
D:8:      layout_loops_ring, gammafunk_temple_overflow_claw, wad_mini_maze,
          uniq_amaemon
D:9:      cheibrodos_barr_body, layout_loops_corners,
          mainiacjoe_overflow_chevrons, minmay_lair_entry_grove, enter_bailey_8,
          minmay_starry_boxes
Temple:   nicolae_temple_bog_church
Bailey:   bailey_polearm_nasty_gnolls, bailey

Skill      XL: |  1  2  3  4  5  6  7  8  9 10 11 |
---------------+----------------------------------+-----
Short Blades   | 2 |  2.0
Spellcasting   | 3 4 5 8 9 |  9.3
Long Blades    | 1 2 3 4 |  4.5
Fighting       | 3 4 5 |  5.4
Armour         | 2 3 4 6 |  6.3
Shields        | 1 2 |  2.9
Polearms       | 1 |  1.6
Dodging        | 3 4 |  4.0
Evocations     | 1 |  1.1
Throwing       | |  0.7
Stealth        | |  0.4

Action                     |  1- 3 |  4- 6 |  7- 9 | 10-12 || total
---------------------------+-------+-------+-------+-------++-------
  Melee: Short sword       |   120 |       |       |       ||   120
         Punch             |     4 |       |       |       ||     4
         Long sword        |    59 |    39 |       |       ||    98
         Falchion          |       |   226 |   352 |    85 ||   663
         Spear             |       |       |   267 |     2 ||   269
         Great sword       |       |       |       |   157 ||   157
   Cast: Lesser Beckoning  |       |       |     3 |     3 ||     6
         Blink             |       |       |     1 |     2 ||     3
         Manifold Assault  |       |       |       |     3 ||     3
  Evoke: Wand              |       |     2 |     6 |     3 ||    11
    Use: Scroll            |       |     7 |     2 |     2 ||    11
   Stab: Sleeping          |       |       |       |     4 ||     4
 Armour: Leather armour    |    28 |       |       |       ||    28
         Chain mail        |    85 |   193 |   273 |       ||   551
         Swamp dragon scal |       |       |    56 |    72 ||   128
         Troll leather arm |       |       |       |    29 ||    29
  Dodge: Dodged            |    66 |    56 |   174 |   203 ||   499
  Block: Buckler           |       |    39 |    96 |    26 ||   161

Table legend: (Time is in decaauts)
 A = Elapsed time spent in this place.
 B = Non-inter-level travel time spent in this place.
 C = Inter-level travel time spent in this place.
 D = Time resting spent in this place.
 E = Time spent auto-exploring this place.
 F = Levels seen in this place.
 G = Mean time per level.
                   A        B        C        D        E       F      G
               +--------+--------+--------+--------+--------+-----+--------+
         Total |   9973 |   9552 |    421 |    408 |   5142 |  13 |  767.2 |
       Dungeon |   8646 |   8247 |    399 |    263 |   4938 |   9 |  960.7 |
        Temple |    152 |    130 |     22 |      0 |    119 |   1 |  152.0 |
         Sewer |    383 |    383 |      0 |     21 |     85 |   1 |  383.0 |
       Ossuary |    437 |    437 |      0 |     19 |      0 |   1 |  437.0 |
        Bailey |    353 |    353 |      0 |    105 |      0 |   1 |  353.0 |
               +--------+--------+--------+--------+--------+-----+--------+

Top non-repeatable levels by time:
     D:5: 1618 daAuts
     D:4: 1360 daAuts
     D:6: 1140 daAuts
     D:1: 973 daAuts
     D:2: 937 daAuts
     D:8: 921 daAuts
     D:7: 773 daAuts
     D:3: 611 daAuts
 Ossuary: 437 daAuts
   Sewer: 383 daAuts
  Bailey: 353 daAuts
     D:9: 309 daAuts
  Temple: 152 daAuts
